 Dungeon Crawl Stone Soup version 0.21-a0-227-g58a7c62 (webtiles) character file.

20 CakeIsGreat the Digger (level 2, -5/16 HPs)
             Began as a Gargoyle Earth Elementalist on Aug 31, 2017.
             Slain by a gnoll
             ... wielding a +0 spear
              (6 damage)
             ... on level 3 of the Dungeon.
             The game lasted 00:01:50 (638 turns).

CakeIsGreat the Digger (Gargoyle Earth Elementalist) Turns: 638, Time: 00:01:51

Health: -5/16      AC:  5    Str: 15 (16) XL:     2   Next: 79%
Magic:  2/5        EV: 12    Int: 14 (15) God:
Gold:   10         SH:  0    Dex:  7 (10) Spells: 4/5 levels left

rFire    . . .     SeeInvis .   n - +0 whip
rCold    . . .     Gourm    .   (no shield)
rNeg     + . .     Faith    .   c - +1 robe
rPois    ∞         Spirit   .   (no helmet)
rElec    +         Reflect  .   (no cloak)
rCorr    .         Harm     .   (no gloves)
MR       .....                  (no boots)
Stlth    ++........             (no amulet)
HPRegen  0.05/turn              (no ring)
MPRegen  0.09/turn              (no ring)

@: mighty
A: negative energy resistance 1, electricity resistance, unbreathing,
petrification resistance, rot immunity, AC +2
a: no special abilities


You were on level 3 of the Dungeon.
You were not hungry.

You visited 1 branch of the dungeon, and saw 3 of its levels.

You collected 10 gold pieces.

Inventory:

Hand Weapons
 n - a +0 whip (weapon)
Missiles
 b - 59 stones (quivered)
Armour
 c - a +1 robe (worn)
Potions
 l - a potion of heal wounds
Books
 e - a book of Geomancy

   Spells                             Type                      Level
   a - Sandblast                      Earth                        1
   b - Passwall                       Transmutation/Earth          2
   c - Stone Arrow                    Conjuration/Earth            3
   d - Petrify                        Transmutation/Earth          4
   e - Lee's Rapid Deconstruction     Earth                        5
Comestibles
 d - a bread ration
 f - a chunk of flesh
 j - 2 royal jellies


   Skills:
 + Level 0.4 Fighting
 + Level 0.0 Maces & Flails
 + Level 0.7 Armour
 + Level 1.7 Dodging
 - Level 2.1 Stealth
 * Level 2.1 Spellcasting
   Level 0.7 Transmutations
 * Level 4.2 Earth Magic


You had 4 spell levels left.
You knew the following spells:

 Your Spells              Type           Power        Failure   Level  Hunger
a - Sandblast             Erth           ##....       4%          1    #......


Dungeon Overview and Level Annotations

Branches:
Dungeon (2/15)

Altars:


Innate Abilities, Weirdness & Mutations

You are resistant to torment.
Your stone body is resilient. (AC +2)
You are immune to poison.
You resist negative energy. (rN+)
You are resistant to electric shocks. (rElec)
You can survive without breathing.
You are immune to petrification.
You are immune to rotting.


Message History

Confirm with . or Enter, or press ? or * to list all spells.
Aiming: Sandblast
Press: ? - help, Shift-Dir - straight line, f/p - jackal
Aim: a jackal The blast of sand hits the jackal.
You kill the jackal!
b - 60 stones The gnoll hits you from afar with a spear.
* * * LOW HITPOINT WARNING * * *
Casting: Sandblast
Confirm with . or Enter, or press ? or * to list all spells.
Aiming: Sandblast
Press: ? - help, Shift-Dir - straight line, f - gnoll
Aim: a gnoll, wielding a spear The blast of sand hits the gnoll.
The gnoll is heavily wounded.
b - 59 stones The gnoll hits you but does no damage.
The gnoll hits you with a spear.
You die...

#.#######g# .#
#...# #.# #.#
#.#.# #.# #.#
#.#.# #.# #.#
#.#.#####.# #.#
#.....gg..# #.#
#.#############.##
#..........oogg..#
###############@##
#.# ###


You could see an orc priest, 2 gnolls and an orc.

Vanquished Creatures
  A leopard gecko (D:1)
  2 giant cockroaches (D:1)
  4 goblins (D:1)
  A hobgoblin (D:1)
  A jackal (D:3)
  2 bats (D:1)
  3 kobolds (D:1)
  4 rats
18 creatures vanquished.

Vanquished Creatures (others)
  4 toadstools (D:1)
4 creatures vanquished.

Grand Total: 22 creatures vanquished

Notes
Turn   | Place    | Note
-------+----------+-------------------------------------------
     0 | D:1      | CakeIsGreat the Gargoyle Earth Elementalist began the quest for the Orb.
     0 | D:1      | Reached XP level 1. HP: 10/10 MP: 3/3
   112 | D:1      | Reached XP level 2. HP: 15/15 MP: 0/5
   384 | D:1      | Reached skill level 4 in Earth Magic
   541 | D:2      | You fall through a shaft!
   638 | D:3      | Slain by a gnoll

Vault maps used:
D:1:      ldierk_water_garden, serial_glass, glass_columns_c, glass_columns_a,
          minmay_misc_feat_pillars
D:2:      nicolae_tso_carved_into_rock, serial_forest,
          infiniplex_forest_clump_small, infiniplex_forest_clump_long,
          infiniplex_forest_side_room, infiniplex_forest_straight_2
D:3:      lemuel_round_altar, lemuel_doored_altar, gup_sewer_entry_glass,
          first_bread, minmay_misc_feat_rows

Skill      XL: |  1  2 |
---------------+-------+-----
Earth Magic    | 4 |  4.2
Fighting       | |  0.4
Armour         | |  0.7
Dodging        | |  1.7
Stealth        | |  2.1
Spellcasting   | |  2.1
Transmutations | |  0.7

Action                   || total
-------------------------++-------
Melee: Unarmed           ||     4
 Cast: Sandblast         ||    24
  Use: Potion            ||     4
       Scroll            ||     2
Armor: Robe              ||    10
Dodge: Dodged            ||    22

Table legend:
 A = Spawn XP
 B = Non-spawn XP
 C = Spawn XP percentage of total XP
 D = Spawn monster count
 E = Non-spawn monster count
 F = Spawn count percentage of total count
 G = Total turns spent on level
                    A         B        C        D         E        F      G
               +---------+---------+-------+---------+---------+-------+---------
         Total |       4 |      25 |  13.8 |       2 |      16 |  11.1 |   638
               +---------+---------+-------+---------+---------+-------+---------
           D:1 |       4 |      22 |  15.4 |       2 |      14 |  12.5 |   528
           D:2 |       0 |       1 |   0.0 |       0 |       1 |   0.0 |    13
           D:3 |       0 |       2 |   0.0 |       0 |       1 |   0.0 |    97
               +---------+---------+-------+---------+---------+-------+---------
